[Event "FIDE WSCC 50 2022"]
[Site "Assisi"]
[Date "2022.11.20"]
[Round "6.2"]
[White "Lima, Darcy"]
[Black "Antonio, Rogelio Jr"]
[Result "1-0"]
[ECO "E11"]
[WhiteElo "2415"]
[BlackElo "2397"]
[Annotator "TA"]
[PlyCount "80"]
[EventDate "2022.11.14"]
[EventType "swiss"]
[EventCountry "ITA"]
[SourceTitle "playchess.com"]
[Source "ChessBase"]
[SourceQuality "1"]
[TimeControl "40/5400+30:1800+30"]

1. d4 Nf6 2. c4 e6 3. Nf3 Bb4+ 4. Bd2 Qe7 5. g3 Nc6 6. Nc3 a5 7. Bg2 O-O 8. O-O d6 9. Rc1 Bxc3 10. Bxc3 {[%emt 0:04:03] [#]} Nb4 $146 {[%emt 1:15:31] Inhibits d5. E11: Bogo-Indian.} ({Predecessor:} 10... e5 11. d5 Nb8 12. c5 Nbd7 13. cxd6 cxd6 14. Nd2 b5 15. b3 Nb6 16. e4 b4 17. Bb2 Ba6 18. Re1 {½-½ (32) Riazantsev,A (2671)-Bologan,V (2640) Doha 2016}) 11. Ra1 Ne4 12. Be1 c5 (12... e5 $14 {feels stronger.}) 13. dxc5 $16 {[%emt 0:11:11] White leaves nothing to chance now.} dxc5 {[%emt 0:06:05] [#]} 14. Ne5 $1 Nd6 15. a3 Nc6 16. Nxc6 {White is more active.} bxc6 17. b3 a4 (17... Ra6 $142) 18. Bxc6 ({Much less strong is} 18. bxa4 Ra6 $14) 18... Ra6 19. Bxa4 {[%emt 0:03:20] A strong pair of Bishops.} Rd8 20. Qc1 e5 21. Bb5 Nxb5 22. cxb5 Rg6 (22... Rh6 $16 {might work better.}) 23. Bc3 Qb7 (23... Bh3 $16) 24. Rd1 $18 Re8 {[#]} 25. a4 $1 h5 26. Qe3 h4 27. Qxc5 hxg3 28. hxg3 Qe4 {[%emt 0:02:16] White must now prevent ...Rh6.} 29. Qe3 Qf5 (29... Qh4 $16 {keeps fighting.} 30. Qf3 (30. Bxe5 $2 Bb7 $19) 30... e4) 30. Rd5 f6 31. Qd3 Qh5 (31... Qg4 $142 32. Rc5 Qh5 33. Qd5+ Be6) 32. Rd8 Rh6 33. Rxe8+ Qxe8 34. Qd5+ Be6 35. Qc6 Qf7 (35... Bd7 {was necessary.} 36. Qd5+ Be6) 36. Rd1 {[%emt 0:00:12] And now b6 would win.} Bxb3 37. Rd8+ Kh7 38. Qe4+ f5 39. Qa8 Qe6 40. Rh8+ (40. a5 $142) 40... Kg6 {[%emt 0:00:01] Weighted Error Value: White=0.29 (precise) /Black=0.38} 1-0

[Event "FIDE WSCC 50 2022"]
[Site "Assisi"]
[Date "2022.11.20"]
[Round "6.3"]
[White "Krizsany, Laszlo"]
[Black "Nevednichy, Vladislav"]
[Result "1/2-1/2"]
[ECO "D60"]
[WhiteElo "2371"]
[BlackElo "2499"]
[Annotator "TA"]
[PlyCount "103"]
[EventDate "2022.11.14"]
[EventType "swiss"]
[EventCountry "ITA"]
[SourceTitle "playchess.com"]
[Source "ChessBase"]
[SourceQuality "1"]
[TimeControl "40/5400+30:1800+30"]

1. d4 d5 2. c4 e6 3. Nc3 Be7 4. Nf3 Nf6 5. Bg5 O-O 6. e3 Nbd7 7. cxd5 Nxd5 8. Bxe7 Qxe7 9. Nxd5 exd5 10. Rc1 {[%emt 0:00:26] D60: Queen's Gambit Declined: Classical: Unusual White 7th moves.} Nf6 11. Bd3 {[%emt 0:06:12] [#]} Bg4 $146 ({Predecessor:} 11... b6 12. Qc2 Bd7 13. O-O Rac8 14. Ba6 Rce8 15. Qxc7 Bf5 16. Qxe7 Rxe7 17. Ne5 Rfe8 {1-0 (34) Tal,M (2630)-Rothman,M (1635) Boston 1988}) 12. Qc2 Bxf3 13. gxf3 c6 14. O-O g6 15. Qc5 Qe6 16. b4 Nd7 17. Qa5 Rfc8 18. Rc3 a6 19. Rfc1 h5 (19... Qf6 $15) 20. Kg2 $11 Qd6 21. Qa4 Nf8 22. a3 Ne6 23. Qc2 Rc7 24. Rg1 (24. f4 {simplifies} f5 25. Rg1 Rg7 26. Kh1) 24... a5 25. Qb1 ({Don't go for} 25. Bxg6 $2 fxg6 26. b5 Ng7 $19) 25... axb4 26. axb4 Ra4 27. Rb3 b5 28. f4 f5 29. Kh1 Rg7 30. Qc2 Nd8 31. Qc3 Kf8 32. Ra3 Rga7 33. Rga1 Rxa3 34. Rxa3 Qe7 35. Ra5 Kf7 36. Kg2 Kf6 37. Qa1 Rc7 38. Ra8 Nf7 39. Qa5 (39. Qc3 {with more complications.} Nd6 40. Qc5 Ke6 41. Kf1) 39... Nd6 40. Qb6 Kf7 41. Kf1 Qd7 42. Qb8 {[%emt 0:04:07] [#] Hoping for Qh8.} Rc8 {[%emt 0:04:17] Inhibits Qh8.} 43. Ra7 $1 Rxb8 44. Rxd7+ $14 {[%emt 0:00:03][%mdl 4096] Endgame KRB-KRN} Ke6 45. Rg7 Kf6 46. Rd7 Ne8 (46... Ke6 $5 47. Rg7 Kf6 $11) 47. Ra7 {[%emt 0:01:05] Black must now prevent Ra6.} Nd6 48. Rd7 (48. Ra6 $5) 48... Nc8 49. Rd8 (49. Rc7 $5 Ne7 50. Ra7 $11) 49... Ra8 {The position is equal.} 50. Kg2 Ke7 51. Rg8 Kf7 52. Rd8 {Weighted Error Value: White=0.06 (flawless) /Black=0.07 (flawless)} 1/2-1/2

[Event "FIDE WSCC 50 2022"]
[Site "Assisi"]
[Date "2022.11.20"]
[Round "6.4"]
[White "Morovic Fernandez, Ivan"]
[Black "Prie, Eric"]
[Result "1-0"]
[ECO "B01"]
[WhiteElo "2480"]
[BlackElo "2356"]
[Annotator "TA"]
[PlyCount "79"]
[EventDate "2022.11.14"]
[EventType "swiss"]
[EventCountry "ITA"]
[SourceTitle "playchess.com"]
[Source "ChessBase"]
[SourceQuality "1"]
[TimeControl "40/5400+30:1800+30"]

1. e4 d5 2. exd5 Qxd5 3. Nc3 Qa5 4. d4 Nf6 5. Nf3 Bf5 6. Bd2 e6 {[%emt 0:00:12] outshines the older 6...c6. B01: Scandinavian Defence.} 7. Ne5 Qb6 8. Qf3 $1 c6 {[%emt 0:00:07] White is slightly better.} (8... Qxd4 9. Bb5+ c6 10. Nxc6 $1 Nxc6 11. Bxc6+ Nd7 12. Be3 $16) 9. O-O-O {[%emt 0:00:10] Hoping for g4.} Nbd7 10. Bd3 Bxd3 (10... Qxd4 $2 11. Nxd7 Bg4 12. Nxf6+ gxf6 13. Qg3 Bxd1 14. Rxd1 $18) 11. Qxd3 {[%emt 0:00:06] [#]} Rd8 $146 {[%emt 0:00:10] Strongly threatening ...Nxe5.} ({Predecessor:} 11... Bb4 12. Qg3 g6 13. Nxd7 Nxd7 14. Ne4 Bxd2+ 15. Rxd2 O-O 16. h4 Qa5 17. a3 Qd5 {1-0 (47) Villanueva,M (2476)-Bertona,F (2408) Buenos Aires 2022}) 12. Qg3 Qxd4 13. Nxd7 Qxd7 (13... Rxd7 $2 14. Be3 Bd6 15. Qxg7 $18) 14. Rhe1 h5 (14... Rg8 $11 {remains equal.}) 15. Bg5 $16 h4 16. Qf3 {[%emt 0:11:21] White is much more active.} (16. Rxd7 hxg3 17. Rxd8+ Kxd8 18. hxg3 Kc7 $15) 16... Qc7 (16... Qe7 $2 17. Ne4 Rh6 18. Rxd8+ Kxd8 19. Rd1+ Kc8 20. Nd6+ Kb8 21. Bf4 $18) 17. Rxd8+ Qxd8 18. Rd1 Qc7 19. Bxf6 gxf6 20. Ne4 Be7 21. Nxf6+ Bxf6 22. Qxf6 $11 {[%emt 0:00:03][%mdl 4096] Endgame KQR-KQR} Rg8 (22... Rh5 $14) 23. f4 $36 {[%emt 0:06:27][%mdl 2048] Keeping Black busy.} (23. Qxh4 Rxg2 24. f4 (24. Qh8+ Ke7 $11) 24... Qb6 $11) 23... Qe7 24. Qe5 {[%emt 0:00:47] White threatens Qb8+ and mate.} f5 25. Rd6 (25. Qe2 $14) 25... Rg6 (25... Kf7 $11) 26. Qh8+ Kf7 {[%emt 0:00:20] [#]} 27. Rd2 Rg8 28. Qh5+ Rg6 (28... Kg7 $14) 29. Qd1 (29. a3 $16) 29... Ke8 30. Qh5 Kf7 31. g3 Kg7 {[%emt 0:03:20] [#]} (31... a6 $142) 32. Qd1 $1 $16 {[%emt 0:00:47] Threatens to win with Rd7.} (32. gxh4 Rg1+ 33. Rd1 Qc5 $11) (32. Qxh4 Qxh4 33. gxh4 Kf6 $11) 32... Qc5 (32... Kh6 $16 {is a better defense.}) 33. Rd7+ $18 (33. gxh4 $2 Rg1 34. c3 (34. Rd7+ $2 Kf6 $19) 34... Rxd1+ $19) 33... Kh6 34. Qe1 (34. gxh4 $2 Qe3+ 35. Kb1 Rg1 $19) (34. Rxb7 hxg3 35. hxg3 Qe3+ 36. Qd2 (36. Kb1 Rxg3 37. Qh1+ Rh3 $11) 36... Qg1+ 37. Qd1 Qe3+ 38. Qd2 (38. Kb1 Rxg3 39. Qh1+ Rh3 $11) 38... Qg1+ 39. Qd1 Qe3+ $11) 34... Qc4 $2 (34... b6 35. b4 (35. Rxa7 Qd5 $18) 35... Qf8 36. Rxa7 (36. gxh4 Qe8 $16) 36... Qh8) 35. Qe5 Kh5 36. Rh7+ (36. Qh8+ $142 Kg4 37. Qh7) 36... Kg4 37. Qe3 ({Weaker is} 37. Rxh4+ Kf3 38. b3 (38. Qe1 Qxa2 39. Qf1+ Ke3 $14) 38... Qe4 39. Qc3+ Qe3+ 40. Kb2 Qxc3+ 41. Kxc3 c5 $18) (37. Qe1 $18 {Intending Qf2 and mate.} Kf3 38. Rd7 (38. gxh4 Qxf4+ 39. Kb1 Qe3 $17) (38. Rxh4 Qxa2 39. Qc3+ Kf2 $14) (38. Rxb7 Kg2 $16)) 37... Kh3 $2 (37... Qf1+ $16 38. Kd2 Kh3) 38. Rxh4+ $2 (38. Qf2 {mates} Rg4 39. Rxh4+ Rxh4 40. gxh4 Qf1+ 41. Qxf1+ Kxh2 42. h5 Kg3 43. h6) 38... Kg2 39. b3 Qe4 (39... Qf1+ $142 40. Kb2 Qf2 41. Qxf2+ Kxf2) 40. Qd2+ {[%emt 0:00:20] Weighted Error Value: White=0.56/Black=0.36} ({Don't take} 40. Qxa7 $6 Rg7 $18) 1-0

[Event "FIDE WSCC 50 2022"]
[Site "Assisi"]
[Date "2022.11.20"]
[Round "6.5"]
[White "Berend, Elvira"]
[Black "Pavlovic, Milos"]
[Result "0-1"]
[ECO "E11"]
[WhiteElo "2280"]
[BlackElo "2447"]
[Annotator "TA"]
[PlyCount "76"]
[EventDate "2022.11.14"]
[EventType "swiss"]
[EventCountry "ITA"]
[SourceTitle "playchess.com"]
[Source "ChessBase"]
[SourceQuality "1"]
[TimeControl "40/5400+30:1800+30"]

1. d4 Nf6 2. c4 e6 3. Nf3 Bb4+ 4. Bd2 a5 5. g3 d6 6. Bg2 Nbd7 7. O-O e5 8. Bg5 exd4 9. Nxd4 O-O 10. a3 {[%emt 0:01:20] E11: Bogo-Indian.} Bc5 11. Nc3 h6 12. Bf4 {[%emt 0:01:28] The position is equal.} Re8 (12... a4 {seems wilder.} 13. Nf5 Nb6 14. Qd3 Re8) 13. b3 Ne5 14. Nc2 c6 {[%emt 0:16:43] [#]} 15. Na4 $146 ({Predecessor:} 15. b4 Bb6 16. b5 Bd7 17. Bxe5 dxe5 18. Rb1 Rc8 19. bxc6 Bxc6 20. Bxc6 Rxc6 21. Nd5 Rxc4 22. Rxb6 Qxd5 {0-1 (44) Xiao,Y (2331)-Zhai,M (2343) Tianjin 2018}) 15... Ba7 16. Be3 Bxe3 17. Nxe3 Neg4 18. Nxg4 Bxg4 19. Nc3 Qb6 20. Qc2 Qc5 21. Qd2 Qb6 22. Rab1 Bf5 23. Rb2 Qc5 24. Ra2 Rad8 25. e3 (25. Rd1 {is more complex.} Qb6 26. Qb2 Ng4 27. e3) 25... Be6 26. Raa1 d5 27. Na4 Qa7 (27... Qe7 $5 28. c5 d4 29. exd4 Bxb3 $15) 28. cxd5 Bxd5 29. Qc2 Bxg2 30. Kxg2 Qb8 31. Rad1 Qe5 32. Rxd8 Rxd8 33. Rd1 $2 {[%emt 0:01:18] Prevents Qd5+. This costs White the game.} (33. Nc5 $11 {and White has nothing to worry.}) 33... Rxd1 $19 34. Qxd1 {[%emt 0:00:05] [#]} b5 $1 35. Qd8+ Kh7 36. Nb6 Qe4+ 37. Kh3 $2 (37. Kf1 $19) 37... Ng4 38. Qd2 Qf3 {[%emt 0:00:12] Weighted Error Value: White=0.40/Black=0.05 (flawless)} ({Not} 38... Qf5 39. Kg2 $17) 0-1

[Event "FIDE WSCC 50 2022"]
[Site "Assisi"]
[Date "2022.11.20"]
[Round "6.6"]
[White "Dishman, Stephen"]
[Black "Antic, Dejan"]
[Result "1/2-1/2"]
[ECO "A30"]
[WhiteElo "2255"]
[BlackElo "2412"]
[Annotator "TA"]
[PlyCount "47"]
[EventDate "2022.11.14"]
[EventType "swiss"]
[EventCountry "ITA"]
[SourceTitle "playchess.com"]
[Source "ChessBase"]
[SourceQuality "1"]
[TimeControl "40/5400+30:1800+30"]

1. Nf3 Nf6 2. c4 g6 3. b3 Bg7 4. Bb2 O-O 5. g3 d6 6. d4 b6 7. Bg2 Bb7 8. O-O c5 9. Nc3 a6 {[%emt 0:04:15] A30: Symmetrical English: Double Fianchetto and Hedgehog.} 10. d5 b5 {[%emt 0:01:54] [#]} 11. Nd2 $146 ({Predecessor:} 11. Qc2 Nbd7 12. Nd2 Rb8 13. Rab1 Bc8 14. h3 b4 15. Nd1 e5 16. e4 h5 17. Nf3 {0-1 (40) Karatorossian,D (2345)-Zvjaginsev,V (2641) Ubeda 2000}) 11... Nbd7 {[%emt 0:02:31] White is slightly better.} 12. e4 Nb6 (12... b4 $11) 13. a4 (13. cxb5 $16 Nfd7 14. a4) 13... Nfd7 ({Better is} 13... b4 $14) 14. a5 (14. cxb5 $16 {And now a5 would win.} axb5 15. axb5) 14... b4 $14 15. Na4 Nxa4 16. Bxg7 Kxg7 ({Not} 16... Nc3 17. Bxc3 bxc3 18. Nb1 $16) 17. Rxa4 e5 18. Ra2 h5 19. f4 h4 (19... Qe7 $14) 20. Nf3 $16 hxg3 21. hxg3 Qe7 22. Re2 (22. Bh3 $16) 22... Rae8 23. Qd2 {[%emt 0:07:27] Strongly threatening Bh3.} Bc8 (23... Rh8 $11) 24. f5 {[%emt 0:31:57] Weighted Error Value: White=0.33/Black=0.33} 1/2-1/2

[Event "FIDE WSCC 50 2022"]
[Site "Assisi"]
[Date "2022.11.20"]
[Round "6.7"]
[White "Bellia, Fabrizio"]
[Black "de Francesco, Klaus"]
[Result "1/2-1/2"]
[ECO "C03"]
[WhiteElo "2398"]
[BlackElo "2171"]
[Annotator "TA"]
[PlyCount "36"]
[EventDate "2022.11.14"]
[EventType "swiss"]
[EventCountry "ITA"]
[SourceTitle "playchess.com"]
[Source "ChessBase"]
[SourceQuality "1"]
[TimeControl "40/5400+30:1800+30"]

1. e4 e6 2. d4 d5 3. Nd2 Be7 4. e5 c5 5. c3 Nc6 6. Bd3 {[%emt 0:00:17] C03: French Tarrasch: Unusual Black 3rd moves.} Qb6 7. Ndf3 Bd7 8. Ne2 {[%emt 0:00:13] White is slightly better.} cxd4 9. cxd4 Nh6 10. O-O {[%emt 0:18:04] [#]} O-O-O $146 (10... Nf5 $14 {feels stronger.}) ({Predecessor:} 10... Nf5 11. Kh1 Rc8 12. a3 Na5 13. b4 Nc4 14. g4 Nh6 15. h3 Ng8 16. Ng3 a5 17. bxa5 Qxa5 {½-½ (42) Calzetta Ruiz,M (2245)-Ibarra Jerez,J (2558) Seville 2019}) 11. Kh1 Kb8 12. Be3 Ng4 13. Bd2 h5 (13... Qxb2 $2 14. h3 Nb4 15. Bxb4 Nxf2+ 16. Rxf2 $18) 14. b4 (14. Kg1 $11) 14... Nxb4 $15 15. Bxb4 Qxb4 (15... Bxb4 $2 16. Rb1 $18) 16. Kg1 {[%emt 0:01:57] [#]} (16. a4 $15) 16... Ba4 $1 $17 {[%emt 0:05:13] Black is clearly better.} 17. Qc1 Rc8 18. Qf4 Nh6 {[%emt 1:04:23] Weighted Error Value: White=0.27 (precise) /Black=0.05 (flawless)} 1/2-1/2

[Event "FIDE WSCC 50 2022"]
[Site "Assisi"]
[Date "2022.11.20"]
[Round "6.8"]
[White "Estremera Panos, Sergio"]
[Black "Sturua, Zurab"]
[Result "0-1"]
[ECO "B22"]
[WhiteElo "2259"]
[BlackElo "2522"]
[Annotator "TA"]
[PlyCount "80"]
[EventDate "2022.11.14"]
[EventType "swiss"]
[EventCountry "ITA"]
[SourceTitle "playchess.com"]
[Source "ChessBase"]
[SourceQuality "1"]
[TimeControl "40/5400+30:1800+30"]

1. d4 Nf6 2. c4 e6 3. Nc3 Bb4 4. e3 c5 5. Bd3 Nc6 6. Nf3 d5 7. cxd5 Nxd5 8. Bd2 cxd4 9. exd4 Nf6 10. O-O O-O 11. Be3 Be7 12. Rc1 {[%emt 0:04:21] 12.Qe2 gains popularity.} b6 {[%emt 0:03:47] B22: Sicilian: 2 c3.} 13. Ne4 Bb7 14. Nxf6+ Bxf6 {[%emt 0:00:06] The position is equal.} 15. Be4 {[%emt 0:05:00] [#]} Na5 $146 ({Predecessor:} 15... Rc8 16. Qa4 Ba8 {½-½ (14) Florstedt,J (1911)-Neef,M (2278) Playchess.com INT 2011}) 16. Bxb7 Nxb7 17. Qa4 Nd6 18. Bf4 Nf5 19. Rfd1 Qd5 20. Be5 Rfd8 21. Bxf6 gxf6 22. h3 a5 23. Qc6 (23. Rc7 {keeps more tension.} Rac8 24. Qc2 Ne7 25. a3) 23... Rd6 24. Qxd5 Rxd5 25. Rc6 Rb5 26. Rd2 Rd8 27. g3 Kg7 28. Kg2 Rd7 29. Kf1 Ne7 30. Rc4 Rbd5 31. Ke2 Kf8 32. a4 b5 33. axb5 Rxb5 34. Rc5 Rdb7 35. Rxb5 Rxb5 $15 {[%emt 0:00:08] KRN-KRN} 36. Rc2 Ke8 37. Ne1 ({White should play} 37. Nd2 $11) 37... Nf5 38. Nf3 Kd7 {[%emt 0:00:16] Black is more active.} 39. Kd3 (39. g4 $11 {keeps the balance.} Nd6 40. Nd2) 39... Rb3+ $17 40. Ke2 $2 {[%emt 0:00:07] [#]} (40. Rc3 Rxb2 41. Nd2) 40... Rxf3 $1 {[%emt 0:06:39][%mdl 512] Weighted Error Value: White=0.32/Black=0.08 (flawless)} 0-1

[Event "FIDE WSCC 50 2022"]
[Site "Assisi"]
[Date "2022.11.20"]
[Round "6.9"]
[White "Michalek, Jan"]
[Black "Bischoff, Klaus"]
[Result "0-1"]
[ECO "B40"]
[WhiteElo "2251"]
[BlackElo "2479"]
[Annotator "TA"]
[PlyCount "66"]
[EventDate "2022.11.14"]
[EventType "swiss"]
[EventCountry "ITA"]
[SourceTitle "playchess.com"]
[Source "ChessBase"]
[SourceQuality "1"]
[TimeControl "40/5400+30:1800+30"]

1. e4 c5 2. Nf3 e6 3. b3 Nc6 4. Bb2 a6 5. c4 d6 6. d4 {[%emt 0:01:50] B40: Sicilian: 2...e6, Unusual lines.} cxd4 7. Nxd4 Bd7 8. Nc3 {[%emt 0:01:45] White has an edge.} Nf6 9. g3 {[%emt 0:04:39] [#]} Qb6 $146 ({Predecessor:} 9... Be7 10. Bg2 O-O 11. O-O Rc8 12. a4 Qb6 13. Nxc6 bxc6 14. a5 Qc7 15. Re1 c5 {½-½ (29) Krnan,T (2427)-Hua,E (2331) Mississauga 2018}) 10. Nc2 Ne5 {[%emt 0:02:25] [#]} ({Black should play} 10... Be7 $14) 11. f4 $1 $16 Ng6 12. Qe2 h5 13. Bg2 Be7 14. O-O-O Qc7 15. Rhe1 Rb8 {[%emt 0:05:06] [#]} 16. Kb1 $1 b5 17. cxb5 axb5 18. Nb4 {[%emt 0:00:30] Black must now prevent Na6.} Rb6 {[%emt 0:04:58] Prevents Na6.} (18... Rc8 $142) 19. a3 {[%emt 0:04:21] Hoping for e5.} O-O 20. h3 (20. Nca2 $16) 20... h4 $14 21. f5 ({Much worse is} 21. e5 dxe5 22. fxe5 Bxb4 23. axb4 Nd5 24. Nxd5 (24. Bxd5 exd5 25. g4 Be6 $11) 24... exd5 25. Bxd5 Bf5+ 26. Be4 Bxe4+ 27. Qxe4 hxg3 $14) 21... Ne5 22. g4 Rb7 23. g5 Nh7 24. Ncd5 $2 {[%emt 0:06:40] This move loses the game for White.} exd5 $19 25. Nxd5 Qd8 26. Bxe5 $2 (26. g6 {keeps fighting.} fxg6 27. fxg6 Nxg6 28. e5 Bf5+ 29. Ka2) 26... dxe5 27. g6 fxg6 28. fxg6 Ng5 29. Qh5 $2 (29. b4) 29... Be8 $2 (29... Ra7 30. Rf1 Rxa3) 30. Rf1 $2 (30. Nf6+ {nothing else works.} Bxf6 31. Rxd8 Bxd8 32. Rd1) 30... Rxf1 {[%emt 0:02:05] Black is clearly winning.} 31. Rxf1 Qd6 32. Nxe7+ Qxe7 33. Rf5 Qxa3 {[%emt 0:00:25] Weighted Error Value: White=0.84/Black=0.36} 0-1

[Event "FIDE WSCC 50 2022"]
[Site "Assisi"]
[Date "2022.11.20"]
[Round "6.10"]
[White "Paschall, William"]
[Black "Arakhamia-Grant, Ketevan"]
[Result "1-0"]
[ECO "A86"]
[WhiteElo "2343"]
[BlackElo "2327"]
[Annotator "TA"]
[PlyCount "128"]
[EventDate "2022.11.14"]
[EventType "swiss"]
[EventCountry "ITA"]
[SourceTitle "playchess.com"]
[Source "ChessBase"]
[SourceQuality "1"]
[TimeControl "40/5400+30:1800+30"]

1. d4 f5 2. g3 Nf6 3. Bg2 g6 4. c4 Bg7 5. Nc3 O-O 6. Nh3 d6 7. d5 c6 8. Nf4 e5 9. dxe6 Qe7 10. O-O Na6 11. Rb1 Bxe6 12. Nxe6 Qxe6 13. b3 Nc5 {[%emt 0:06:08] has lost popularity (13...Rad8). A86: Dutch Defence: Leningrad System: Unusual lines and 5 Nh3.} 14. Qc2 Rfe8 15. e3 Rad8 {[%emt 0:03:06] White is slightly better.} 16. Bb2 Nce4 17. Rbd1 {[%emt 0:02:11] [#]} Kh8 $146 ({Predecessor:} 17... a6 18. Nxe4 fxe4 19. Rd2 d5 20. Rfd1 Nh5 21. cxd5 cxd5 22. Bxg7 Kxg7 {½-½ (22) Mercadal Benejam,J (2515)-Van Kempen,H (2595) ICCF corr 2000}) 18. Ne2 Rd7 19. b4 a6 (19... Ng4 {with more complications.} 20. Bd4 Bxd4 21. exd4 Qf7) 20. a3 Qf7 21. Rd3 d5 22. c5 Rc7 23. Bd4 Nd7 24. f3 Nef6 25. Qc3 Qe7 26. Rb1 Ne5 27. Bxe5 Qxe5 28. Qxe5 Rxe5 29. Nd4 Rce7 30. Nc2 Nd7 31. Bf1 R5e6 {[%emt 0:00:46][%cal Be5e6,Be6f6,Bf6f8,Bf8e8][%mdl 32] Strongly threatening ...Ne5.} 32. Rdb3 Ne5 33. Nd4 Rf6 34. Kf2 Rf8 35. Rc1 Rfe8 36. Be2 {[%emt 0:01:16] [#]} (36. Rd1 $11) 36... Nd7 (36... Ng4+ $1 $17 37. fxg4 Bxd4) 37. Rd1 $15 Bh6 38. f4 Nf6 39. Bf3 Bg7 40. a4 Ne4+ 41. Bxe4 {[%emt 0:33:29] Threatens to win with Bg2.} Rxe4 42. b5 axb5 43. axb5 Bxd4 44. Rxd4 Rxd4 45. exd4 $11 {[%emt 0:00:00][%mdl 4096] Endgame KR-KR} Re4 46. Rb4 cxb5 47. Kf3 Kg8 48. h3 Kh8 49. g4 Kg8 50. Kg3 (50. g5 $5 ) 50... Kh8 51. Kh4 ({But not} 51. Rxb5 Rxd4 52. gxf5 (52. Rxb7 Rc4 $14) 52... gxf5 $16) 51... fxg4 52. hxg4 Rxf4 53. Kg5 {[%emt 0:00:00] Inhibits h5.} Rf7 54. Rxb5 Kg7 55. Kh4 Rf4 56. Rxb7+ Kf6 57. Rb6+ Kg7 58. Kg5 {[%emt 0:00:39] Prevents h5.} Rf7 59. Rd6 h6+ 60. Kh4 Rf3 $1 {[%emt 0:00:32] ( -> ...g5+)} 61. g5 (61. Rxd5 g5+ 62. Rxg5+ hxg5+ 63. Kxg5 Kf7 $19) 61... Rf4+ $2 (61... hxg5+ $11 62. Kxg5 Rf5+ 63. Kg4 Kf7) 62. Kg3 $18 Rxd4 63. Rd7+ {[%mdl 64] Deflection} Kg8 {[#]} 64. c6 $1 ({Less strong is} 64. gxh6 Rc4 $16) 64... Kf8 {[%emt 0:01:30] Weighted Error Value: White=0.12 (very precise) /Black=0.22 (precise)} 1-0

[Event "FIDE WSCC 50 2022"]
[Site "Assisi"]
[Date "2022.11.20"]
[Round "6.10"]
[White "Paschall, William"]
[Black "Boulard, Eric"]
[Result "*"]
[ECO "A86"]
[WhiteElo "2343"]
[BlackElo "2185"]
[Annotator "TA"]
[PlyCount "44"]
[EventDate "2022.11.14"]
[EventType "swiss"]
[EventCountry "ITA"]
[SourceTitle "playchess.com"]
[Source "ChessBase"]
[SourceQuality "1"]
[TimeControl "40/5400+30:1800+30"]

1. d4 f5 2. g3 Nf6 3. Bg2 g6 4. c4 Bg7 5. Nc3 O-O 6. Nh3 d6 7. d5 c6 8. Nf4 e5 9. dxe6 Qe7 10. O-O Na6 11. Rb1 Bxe6 12. Nxe6 Qxe6 13. b3 Nc5 {[%emt 0:06:08] [#] Not much happened in this game.  is the legacy move (13...Rad8). A88: Dutch Defence: Leningrad System: 5 Nf3 0-0 6 0-0 d6 7 Nc3 c6.} {Predecessor:} 14. Bb2 $146 Rad8 15. e3 Ng4 16. Qe2 Ne4 17. Nd1 Ne5 18. Nc3 Nd7 19. Rbc1 g5 20. Qc2 Rfe8 21. Ne2 Bxb2 22. Qxb2 Ne5 {0-1 (33) Pang,T (2290)-Yakubboev,N (2521) Manavgat 2018} *

[Event "FIDE WSCC 50 2022"]
[Site "Assisi"]
[Date "2022.11.20"]
[Round "6.11"]
[White "Paglietti, Nicola"]
[Black "Arakhamia-Grant, Ketevan"]
[Result "*"]
[ECO "A41"]
[WhiteElo "2194"]
[BlackElo "2327"]
[Annotator "TA"]
[PlyCount "29"]
[EventDate "2022.11.14"]
[EventType "swiss"]
[EventCountry "ITA"]
[SourceTitle "playchess.com"]
[Source "ChessBase"]
[SourceQuality "1"]
[TimeControl "40/5400+30:1800+30"]

1. Nf3 g6 2. c4 Bg7 3. Nc3 d6 4. d4 Nd7 5. g3 e5 6. Bg2 Ne7 7. O-O O-O 8. e3 h6 9. b3 {[%emt 0:03:08] A41: 1 d4 d6: Tartakower System and Modern Defence.} f5 10. Bb2 {[%emt 0:00:54] White is more active.} (10. dxe5 $14 Nxe5 11. Nxe5) 10... e4 $11 11. Nd2 c6 12. Qc2 Nf6 {[%emt 0:02:45] [#]} 13. Rac1 $146 ({Predecessor:} 13. Rfd1 d5 14. Ba3 Bd7 15. Rac1 Rc8 16. Qb2 g5 17. Bd6 Rf7 18. Be5 Nh5 19. Bf1 {0-1 (30) Gereben,E-Mestel,A Bern 1976}) 13... Be6 14. b4 g5 (14... d5 $15) 15. b5 {[%emt 0:59:36] Weighted Error Value: White=0.25 (precise) /Black=0.13 (very precise)} *